 Dungeon Crawl Stone Soup version 0.29.1-13-g9f3cf754e1 (webtiles) character file.

Game seed: 9607424632178453311

65 Hrothgar the Stinger (level 3, 0/14 HPs)
             Began as a Felid Venom Mage on Jan 23, 2023.
             Constricted to death by Crazy Yiuf (7 damage)
             ... on level 3 of the Dungeon.
             The game lasted 00:08:23 (2224 turns).

Hrothgar the Stinger (Felid Venom Mage)             Turns: 2224, Time: 00:08:24

Health: 0/14       AC:  1    Str:  6    XL:     3   Next: 92%
Magic:  7/7        EV: 14    Int: 16    God:
Gold:   84         SH:  0    Dex: 16    Spells: 0/6 levels left
                                        Lives:  0   Deaths: 0

rFire   . . .      SeeInvis +   (weapon unavailable)
rCold   . . .      Faith    .   (shield unavailable)
rNeg    . . .      Spirit   .   (body armour unavailable)
rPois   .          Reflect  .   (helmet unavailable)
rElec   .          Harm     .   (cloak unavailable)
rCorr   .          Rampage  .   (gloves unavailable)
Will    .....                   (boots unavailable)
Stlth   ++........              (no amulet)
HPRegen 0.04/turn               (no ring)
MPRegen 0.10/turn               (no ring)

@: grasped by roots, constricted, quick
A: very small, claws 1, fangs 3, see invisible, speed 1, shaggy fur 1, stealthy
paws, no weapons or thrown items, no armour, multi-lived
a: no special abilities


You were on level 3 of the Dungeon.
You visited 1 branch of the dungeon, and saw 3 of its levels.

You collected 84 gold pieces.

Inventory:

Wands
 c - a wand of light (2)
Scrolls
 b - a scroll of amnesia {unknown}
 d - a scroll of brand weapon
 e - a scroll of magic mapping {unknown}
 f - a scroll of blinking {unknown}
 g - 2 scrolls of teleportation {unknown}
 h - a scroll of vulnerability
Potions
 a - a potion of magic


   Skills:
 * Level 3.0 Dodging
 * Level 3.1 Stealth
 * Level 2.1 Spellcasting
 * Level 0.2 Conjurations
 * Level 1.2 Transmutations
 * Level 0.9 Air Magic
 * Level 3.8 Poison Magic


You couldn't memorise any spells.
You knew the following spells:

 Your Spells              Type           Power      Damage    Failure   Level
a - Sting                 Tmut/Pois      36%        1d4       8%          1
b - Poisonous Vapours     Pois/Air       18%        N/A       12%         2
c - Mephitic Cloud        Conj/Pois/Air  7%         N/A       30%         3

Your spell library contained the following spells:

 Spells                   Type           Power      Damage    Failure   Level
 Slow                     Hex            4%         N/A       21%         1
 Olgreb's Toxic Radiance  Pois           13%        N/A       38%         4
 Confusing Touch          Hex            1%         N/A       52%         3
 Vampiric Draining        Necr           1%         2d6       52%         3


Dungeon Overview and Level Annotations

Branches:
Dungeon (3/15)

Altars:
Kikubaaqudgha
Yredelemnul

Shops:
D:2 =

Annotations:
D:3 2 transporters, Crazy Yiuf, Menkaure


Innate Abilities, Weirdness & Mutations

You have sharp claws.
You have razor-sharp teeth.
You have supernaturally acute eyesight. (SInv)
You cover ground quickly. (Speed+)
You are covered in fur. (AC +1)
Your paws help you pounce on unaware monsters.
You are incapable of wielding weapons or throwing items.
You cannot wear armour.
You gain extra lives every three experience levels.


Message History

The bat closely misses you. The hobgoblin hits you.
Unknown command.
Casting: Poisonous Vapours (safe; 12% risk of failure)
Confirm with . or Enter, or press ? or * to list all spells.
Aiming: Sting (safe; 8% risk of failure)
Press: ? - help, Shift-Dir - straight line, f/p - bat
Aim: a bat (poisoned, 52% to hit)
The sting hits the bat but does no damage.
The bat looks even sicker.
The bat completely misses you. The hobgoblin hits you. The bat misses you.
The hobgoblin misses you. The bat closely misses you.
You kill the hobgoblin!
The bat closely misses you.
You closely miss the bat.
The bat is severely wounded.
You kill the bat!
You see here a bat corpse.
You start resting.
Magic restored.
You start resting.
HP restored.
There is a stone staircase leading down here.
You see here a bat corpse.
There is an open door here.
Found a hammer.
Found a runed translucent door.
You open the door.
There is an open translucent door here.
Crazy Yiuf shouts!
Crazy Yiuf barely misses you.
There is an open translucent door here.
Crazy Yiuf zaps a wand.
The roots erupt in riotous growth!
The grasping roots grab you! The grasping roots constrict you!
Ouch! That really hurt!
Unknown command.
The roots grasp on you weakens, but your attempt to escape fails.
The grasping roots constrict you!
Ouch! That really hurt!
You die...

## ##########♣♣♣♣♣ .
............♣@♣♣♣#####
##########......♣.g♣#...#
.....####......♣♣♣♣.'...#
.#............♣♣ ♣♣#..)#
...#.########♣♣ #####
.###'## .##.†.# ##♣...♣##
#### #.......# #..#


You could see Crazy Yiuf.

Vanquished Creatures
  3 adders (D:2)
  A dart slug (D:3)
  2 orcs (D:3)
  An endoplasm (D:2)
  A giant cockroach (D:2)
  3 hobgoblins
  A quokka (D:2)
  3 ball pythons
  3 bats
  2 frilled lizards
  4 goblins
  5 kobolds
  7 rats
36 creatures vanquished.

Notes
Turn   | Place    | Note
-------+----------+-------------------------------------------
     0 | D:1      | Hrothgar the Felid Venom Mage began the quest for the Orb.
     0 | D:1      | Reached XP level 1. HP: 7/7 MP: 4/4
   331 | D:1      | Reached XP level 2. HP: 8/11 MP: 4/6
   334 | D:1      | Learned a level 2 spell: Poisonous Vapours
   357 | D:2      | Found Zemm's Jewellery Boutique.
   997 | D:2      | Reached XP level 3. HP: 9/14 MP: 2/7
  1084 | D:2      | Learned a level 3 spell: Mephitic Cloud
  1182 | D:3      | Found a transporter.
  1185 | D:3      | Found a transporter.
  1224 | D:3      | Found a basalt altar of Yredelemnul.
  1235 | D:3      | Noticed Menkaure
  1268 | D:3      | Found an ancient bone altar of Kikubaaqudgha.
  2210 | D:3      | Found a runed translucent door.
  2211 | D:3      | Noticed Crazy Yiuf
  2224 | D:3      | Constricted to death by Crazy Yiuf

Illustrated notes

Levels and vault maps discovered:
D:1:      elethiomel_arrival_diamonds, layout_loops_cross,
          shapermc_ecumenical_altar_gd
D:2:      layout_loops_corners, serial_shops, nicolae_shop_advertising_works
          [nicolae_subvault_shop_adworks]
D:3:      layout_loops_ring, gammafunk_temple_of_torment, minivault_24,
          grunt_ministairs_7, minivault_4, uniq_crazy_yiuf_cottage

Skill      XL: |  1  2  3 |
---------------+----------+-----
Poison Magic   | 3 |  3.8
Stealth        | 3 |  3.1
Dodging        | 3 |  3.0
Spellcasting   | |  2.1
Conjurations   | |  0.2
Transmutations | |  1.2
Air Magic      | |  0.9

Action                   || total
-------------------------++-------
Melee: Unarmed           ||    25
       Punch             ||     1
 Cast: Sting             ||    21
       Poisonous Vapours ||    19
       Mephitic Cloud    ||     4
  Use: Scroll            ||     3
       Potion            ||     3
 Stab: Sleeping          ||     6
Armor: Skin              ||     2
Dodge: Dodged            ||    75
